 Dungeon Crawl Stone Soup version 0.31.0-12-g77e489cdc1 (webtiles) character file.

Game seed: 2382695588139542468

427 Killerpretzel the Changeling (level 6, -1/42 HPs)
             Began as an Octopode Shapeshifter on Mar 1, 2024.
             Slain by a gnoll
             ... wielding a +0 flail
              (4 damage)
             ... on level 4 of the Dungeon.
             The game lasted 00:03:50 (2777 turns).

Killerpretzel the Changeling (OpSh)                 Turns: 2777, Time: 00:03:50

Health: -1/42      AC:  1    Str: 13    XL:     6   Next: 97%
Magic:  6/6        EV: 14    Int: 13    God:
Gold:   180        SH:  0    Dex: 13    Spells: 5/5 levels left

rFire   . .          .
                       - Unarmed
rCold   + . .        (no shield)
rNeg    . . .        (helmet currently unavailable)
rPois   .            (no amulet)
rElec   .            e - ring of resist corrosion
rCorr   +            l - ring of protection from cold
SInv    .            (no ring)
Will    .....        (no ring)
Stlth   ++           (no ring)
HPRegen 0.27/turn    (no ring)
MPRegen 0.10/turn    (no ring)
                     (no ring)

%: no passive effects
@: beast-form
A: beast (slay +2), almost no armour, amphibious, 8 rings, camouflage 1,
gelatinous body 1, (nimble swimmer 1), tentacles
a: Begin Untransformation


You were on level 4 of the Dungeon.
You were a hulking beast.
You visited 1 branch of the dungeon, and saw 5 of its levels.

You collected 180 gold pieces.

Inventory:

Missiles
 p - 2 throwing nets (quivered)
Jewellery
 e - a ring of resist corrosion (left tentacle)
 l - a ring of protection from cold (right tentacle)
Talismans
 b - a beast talisman
 c - a flux talisman
Wands
 k - a wand of iceblast (21)
Scrolls
 g - 3 scrolls of teleportation
 m - 2 scrolls of immolation
 o - a scroll of torment {unknown}
 r - 2 scrolls of identify
Potions
 a - a potion of lignification
 d - a potion of cancellation
 f - a potion of curing {unknown}
 h - a potion of attraction
 i - 2 potions of berserk rage
 j - 2 potions of heal wounds
 n - a potion of might {unknown}
 q - a potion of mutation {unknown}


   Skills:
 + Level 3.1 Fighting
 + Level 3.5 Dodging
 + Level 4.3 Unarmed Combat
 * Level 5.0 Shapeshifting


You had 5 spell levels left.
You didn't know any spells.
Your spell library contained the following spells:

 Spells                   Type           Power      Damage    Failure   Level
 Cigotuvi's Dreadful Rot  Necr/Alch/Air  0%         N/A       43%         2
 Ignite Poison            Fire/Alch      0%         N/A       97%         4
 Freezing Cloud           Conj/Ice/Air   0%         6-21      100%        5


Dungeon Overview and Level Annotations

Branches:
Dungeon (5/15)
 Temple: D:4-7

Altars:

Shops:
D:4 (


Innate Abilities, Weirdness & Mutations

You are a hulking beast.
Your limbs bulge with bestial killing power. (Slay +2)
You cannot wear most types of armour.
You are amphibious.
You can wear up to eight rings at the same time.
Your skin changes colour to match your surroundings (Stealth+).
Your rubbery body absorbs attacks. (AC +1, EV +1)
((You are camouflaged when in or above water. (Stealth+)))
You have tentacles for arms and can constrict up to eight enemies at once.


Message History

You squeeze the orc, but do no damage.
You constrict the orc, but do no damage.
The orc hits you with a +0 mace!
You tentacle-slap the orc but do no damage.
You constrict the orc, but do no damage.
You tentacle-slap the orc but do no damage.
You constrict the orc. The orc closely misses you.
You tentacle-slap the orc.
The orc is heavily wounded.
You constrict the orc. The orc hits you with a +0 mace.
You tentacle-slap the orc but do no damage.
The orc is almost dead.
You constrict the orc.
You kill the orc!
You barely miss the gnoll. You grab the gnoll. You constrict the gnoll.
The gnoll closely misses you. The gnoll barely misses you.
You tentacle-slap the gnoll.
The gnoll is heavily wounded.
You constrict the gnoll.
An orc priest comes into view. It is wielding a +0 trident.
The gnoll hits you from afar with a +0 spear.
The gnoll hits you with a +0 whip!
* * * LOW HITPOINT WARNING * * *
The orc priest shouts!
You tentacle-slap the gnoll.
The gnoll is severely wounded.
You constrict the gnoll.
The gnoll hits you from afar with a +0 spear.
* * * LOW HITPOINT WARNING * * *
The gnoll barely misses you.
You tentacle-slap the gnoll but do no damage.
The gnoll is almost dead.
You constrict the gnoll.
You kill the gnoll!
The gnoll hits you from afar with a +0 spear.
* * * LOW HITPOINT WARNING * * *
You completely miss the gnoll. You grab the gnoll.
You constrict the gnoll, but do no damage.
The gnoll hits you with a +0 flail.
You die...

## #.# #.#
#.#######.# #
#......... #.
##gg.# #. ##h##.#
#. ##.## ..
#.#.#### #..
###.....# ..
#...###.# ###
#.#.....#####....
#...+##+..........
#... #..........
#..# ##.######..


You could see 2 gnolls.

Vanquished Creatures
  A scorpion (D:5)
  A hound (D:5)
  2 jellies
  Jessica (D:2)
  Ijyb (D:3)
  Terence (D:2)
  2 orc wizards (D:3)
  An iguana (D:4)
  A gnoll (D:4)
  3 adders
  A ribbon worm (D:4)
  10 orcs
  3 endoplasms
  A giant cockroach (D:1)
  7 goblins
  10 hobgoblins
  9 jackals
  6 kobolds
  3 quokkas (D:1)
  7 ball pythons
  5 bats
  6 rats
82 creatures vanquished.

Notes
Turn   | Place    | Note
-------+----------+-------------------------------------------
     0 | D:1      | Killerpretzel the Octopode Shapeshifter began the quest for
                  | the Orb.
     0 | D:1      | Reached XP level 1. HP: 13/13 MP: 1/1
    64 | D:1      | Reached XP level 2. HP: 13/18 MP: 2/2
   393 | D:1      | Reached XP level 3. HP: 16/23 MP: 3/3
  1016 | D:2      | Noticed Jessica
  1021 | D:2      | Killed Jessica
  1022 | D:2      | Reached XP level 4. HP: 22/29 MP: 4/4
  1123 | D:2      | Found a faded altar of an unknown god.
  1210 | D:2      | Noticed Terence
  1229 | D:2      | Killed Terence
  1230 | D:2      | Reached skill level 4 in Shapeshifting
  1258 | D:2      | Reached XP level 5. HP: 17/34 MP: 5/5
  1871 | D:3      | Noticed Ijyb
  1878 | D:3      | Killed Ijyb
  2178 | D:4      | Found Yharirphi's Weapon Emporium.
  2236 | D:4      | You fall into a shaft and drop 1 floor!
  2236 | D:5      | Entered Level 5 of the Dungeon
  2283 | D:5      | Identified the +0 ring mail of Creativity {Dex+3}
  2302 | D:5      | Reached XP level 6. HP: 39/41 MP: 6/6
  2628 | D:4      | Reached skill level 5 in Shapeshifting
  2777 | D:4      | Slain by a gnoll

Illustrated notes

Levels and vault maps discovered:
D:1:      tekkud_arrival_beachfront_property, layout_basic
D:2:      layout_rooms, shapermc_ecumenical_altar_mp_ritualfount,
          kennysheep_generic_room_10, uniq_jessica, uniq_terence
D:3:      layout_basic, uniq_ijyb
D:4:      layout_loops_ring, gup_sewer_entry_bowl, serial_shops, shop,
          minmay_shop_enchanted_jewellery, uniq_sigmund
D:5:      layout_layer_cave

Skill      XL: |  1  2  3  4  5  6 |
---------------+-------------------+-----
Fighting       | 2 3 |  3.1
Shapeshifting  | 4 5 |  5.0
Dodging        | 3 |  3.5
Unarmed Combat | 4 |  4.3

Action                     |  1- 3 |  4- 6 || total
---------------------------+-------+-------++-------
  Melee: Unarmed           |    81 |    97 ||   178
         Constrict         |    24 |    26 ||    50
         Tentacles         |    18 |    27 ||    45
         Punch             |     2 |     3 ||     5
    Use: Scroll            |     3 |     5 ||     8
   Stab: Sleeping          |     1 |     7 ||     8
 Armour: Skin              |    38 |    48 ||    86
  Dodge: Dodged            |    55 |    41 ||    96
